[Event "*** SCC Grand Prix: Titled Tuesday Blitz"]
[Site "Chess.com"]
[Date "2020.06.09"]
[Round "6"]
[White "chenxiaoyuer"]
[Black "gross-aleks"]
[Result "0-1"]
[WhiteElo "2374"]
[BlackElo "2587"]
[TimeControl "180+1"]
[EndTime "10:07:29 PDT"]
[Termination "gross-aleks won by resignation"]

1. e4 e5 2. Nf3 Nc6 3. Bb5 Nge7 4. O-O g6 5. c3 Bg7 6. d4 a6 7. Ba4 O-O 8. d5 Nb8 9. d6 Nec6 10. Bg5 f6 11.
Be3 Re8 12. Bb3+ Kh8 13. Bc5 Bf8 14. dxc7 Qxc7 15. Qd5 Bxc5 16. Qxc5 d6 17. Qd5 Be6 18. Qd3 Nd7 19. Bxe6 Rxe6 20. Na3 Nc5 21. Qe2 Ne7 22. Nc2 d5 23. exd5 Nxd5 24. Rad1 Nf4 25. Qe3 g5 26. g3 Ng6 27. Nb4 Rae8 28. Nd5 Qc8 29. b3 g4 30. Nd2 f5 31. Nc4 b5 32. Na5 f4 33. Qe2 Rd6 34. c4 Red8 35. Nc3 f3 36. Qe3 Rxd1 37. Rxd1 Rxd1+ 38. Nxd1 bxc4 39. Nxc4 Qc7 40. Nc3 Ne6 41. Kf1 Nd4 42. Qe4 Qd7 43. Ke1 Nb5 44.
Nxe5 Nxc3 45. Nxg6+ hxg6 46. Qe5+ Qg7 47. Qb8+ Kh7 48. Qf4 Qe7+ 49. Qe3 Ne4 0-1

[Event "*** SCC Grand Prix: Titled Tuesday Blitz"]
[Site "Chess.com"]
[Date "2020.06.09"]
[Round "6"]
[White "Bigfish1995"]
[Black "Firouzja2003"]
[Result "0-1"]
[WhiteElo "2988"]
[BlackElo "3142"]
[TimeControl "180+1"]
[EndTime "10:07:31 PDT"]
[Termination "Firouzja2003 won by resignation"]

1. e4 e6 2. d4 d5 3. exd5 exd5 4. Nf3 Nf6 5. Bd3 Bd6 6. Qe2+ Qe7 7. Qxe7+ Kxe7 8.
O-O Re8 9. Bg5 h6 10. Bh4 Be6 11. c3 Nd7 12. Re1 Kf8 13. Nbd2 Nh5 14. Bg3 Nxg3 15. hxg3 c6 16. Re2 a5 17. a4 Bg4 18. Rxe8+ Rxe8 19. Kf1 g6 20. Nb3 Ra8 21. Ne1 Be6 22. Bc2 Nb6 23.
Nd2 h5 24. Nef3 Kg7 25. Re1 Kf6 26. Ne5 Rh8 27. f4 Rc8 28. Ndf3 Rc7 29. Kf2 c5 30. dxc5 Bxc5+ 31. Kf1 d4 32. cxd4 Bb4 33. Re2 Nc4 34. Bd3 Nd6 35. Kf2 Bd5 36. g4 hxg4 37. Nxg4+ Kg7 38. Ne3 Be4 39. Ne5 Rc1 40. Bxe4 Nxe4+ 41. Kf3 Nd2+ 42. Kg3 Nb3 43. Nf3 Ra1 44. f5 Bd6+ 45.
Kg4 Rxa4 46. fxg6 Nxd4 47. Rd2 Nb3+ 48. Kg5 Be7+ 49. Kf5 fxg6+ 50. Ke5 Nxd2 51. Nxd2 Bf6+ 52. Ke6 Bxb2 0-1

[Event "*** SCC Grand Prix: Titled Tuesday Blitz"]
[Site "Chess.com"]
[Date "2020.06.09"]
[Round "6"]
[White "Vesper2018"]
[Black "AliKa2810"]
[Result "1-0"]
[WhiteElo "2428"]
[BlackElo "2578"]
[TimeControl "180+1"]
[EndTime "10:07:32 PDT"]
[Termination "Vesper2018 won by checkmate"]

1. e4 e5 2. Nf3 Nf6 3. Nxe5 d6 4.
Nf3 Nxe4 5. Nc3 Nxc3 6. dxc3 Be7 7. Be3 Nc6 8. Qd2 Be6 9. O-O-O Qd7 10. h3 a6 11. g4 O-O-O 12. Bg2 h6 13. Nd4 Nxd4 14. cxd4 d5 15. f4 f5 16. g5 hxg5 17. fxg5 Bd6 18.
h4 Qa4 19. Kb1 f4 20. Bxf4 Bf5 21. Rhf1 Bg4 22. Rde1 Bb4 23. c3 Ba5 24. Re7 Rxh4 25. Rxg7 Bf5+ 26. Ka1 Bc2 27. b4 Bb6 28. Kb2 Be4 29.
Bxe4 dxe4 30. g6 Rh3 31. Be3 Rdh8 32. Rgf7 Rh2 33. Rf8+ Kd7 34. R1f7+ Ke6 35. Rf2 Rxf2 36. Rxf2 Rg8 37. Rg2 Qb5 38. g7 Qf5 39. Bh6 Qf3 40. Rf2 Qg3 41. Rf8 e3 42. Qe2 Rxg7 43. Bxg7 Qxg7 44.
Qxe3+ Kd6 45. Rd8+ Kc6 46. Qe6+ Kb5 47. Kb3 a5 48.
a4+ Ka6 49. Ra8# 1-0

[Event "*** SCC Grand Prix: Titled Tuesday Blitz"]
[Site "Chess.com"]
[Date "2020.06.09"]
[Round "6"]
[White "volcanoexplorer"]
[Black "evgchess5"]
[Result "0-1"]
[WhiteElo "2551"]
[BlackElo "2800"]
[TimeControl "180+1"]
[EndTime "10:07:33 PDT"]
[Termination "evgchess5 won by resignation"]

1. e4 c5 2. Nf3 e6 3. d4 cxd4 4. Nxd4 Nc6 5. Be2 Nf6 6. Nc3 d6 7. Be3 Be7 8. O-O O-O 9. f4 a6 10. Kh1 Bd7 11. Qe1 b5 12. a3 Nxd4 13. Bxd4 Bc6 14.
Qg3 g6 15. Bd3 Nh5 16. Qh3 Nxf4 17. Rxf4 e5 18. Bxe5 dxe5 19. Rff1 Bc5 20. Rad1 Qe7 21. Qg3 Rad8 22. Nb1 Bd4 23. b3 Kg7 24. Rd2 Bb6 25. Rdd1 Rd6 26. Nd2 Rf6 27. Rxf6 Qxf6 28. Rf1 Qe7 29. Nf3 Bc7 30. Nh4 Kh8 31. Nf3 f5 32. Qe1 f4 33. Qc3 Bb7 34. a4 b4 35. Qd2 Rd8 36. Qe2 a5 37. Nd2 Kg7 38. Nc4 Qc5 39. Qg4 Qe7 40. Qe2 Rf8 41. Qg4 Bc8 42. Qe2 Qh4 43.
Nd2 Qe7 44. Bc4 g5 45. Bd5 g4 46. Qf2 h5 47. Nc4 h4 48. h3 f3 49. hxg4 Bxg4 50.
Rg1 Kh7 51. gxf3 Rxf3 52. Qd2 Rh3+ 53. Kg2 Qf6 54. Qf2 Rh2+ 55. Kxh2 Qxf2+ 56. Rg2 Qf4+ 57. Kg1 h3 58. Rf2 Qg3+ 59. Kf1 h2 0-1

[Event "*** SCC Grand Prix: Titled Tuesday Blitz"]
[Site "Chess.com"]
[Date "2020.06.09"]
[Round "6"]
[White "UCantHandleDenker"]
[Black "Rish_97"]
[Result "0-1"]
[WhiteElo "2516"]
[BlackElo "2694"]
[TimeControl "180+1"]
[EndTime "10:07:33 PDT"]
[Termination "Rish_97 won by resignation"]

1. Nf3 d5 2. g3 g6 3. Bg2 Bg7 4. O-O e5 5. d3 Ne7 6. Nbd2 O-O 7.
e4 Nbc6 8. Re1 h6 9. c3 Be6 10.
b4 a6 11. Qc2 g5 12. Bb2 Ng6 13. Nb3 b6 14. a3 g4 15. Nfd2 Qd7 16. exd5 Bxd5 17.
Bxd5 Qxd5 18. c4 Qd7 19. b5 Nce7 20. a4 Nf5 21. Ne4 Nd4 22. Nxd4 exd4 23. Ba3 Rfe8 24.
Qb3 Ne5 25. Nd2 axb5 26. axb5 Qf5 27. Re4 Nf3+ 28. Nxf3 gxf3 29. Rf4 Qh5 30. Qd1 Re2 31. h4 Rae8 32. Bb4 Be5 33. Re4 Rxe4 34. dxe4 Qg4 35. Ra3 Bxg3 36. Qxf3 Qxf3 37. Rxf3 Bxh4 38. Rf4 Bg5 39.
Rg4 Kh7 40. f4 Rxe4 41. Bd2 d3 42. Kf1 Rxc4 43. Kf2 Bf6 44. Ke3 Rc5 45. Kxd3 Rxb5 46. f5 Rxf5 47. Rc4 Rd5+ 48. Ke2 c5 49. Rf4 Kg6 50. Rg4+ Bg5 51. Be1 Re5+ 52. Kf1 Rf5+ 53. Ke2 Rf4 54. Rg3 Re4+ 55. Kf1 Kf5 56. Rf3+ Rf4 57. Ke2 Rxf3 58. Kxf3 b5 0-1

[Event "*** SCC Grand Prix: Titled Tuesday Blitz"]
[Site "Chess.com"]
[Date "2020.06.09"]
[Round "6"]
[White "ZarinaShafigullina"]
[Black "Tsyhanchuk_Stanislav"]
[Result "1-0"]
[WhiteElo "2251"]
[BlackElo "2397"]
[TimeControl "180+1"]
[EndTime "10:07:33 PDT"]
[Termination "ZarinaShafigullina won by checkmate"]

1. d4 Nf6 2. Nf3 g6 3. g3 Bg7 4.
Bg2 O-O 5. O-O c5 6. c4 d6 7. Nc3 Nbd7 8. e4 cxd4 9. Nxd4 Ne5 10. b3 Bd7 11. h3 Rc8 12. Be3 a6 13. Rc1 Re8 14. Nd5 Nxd5 15. exd5 f5 16. f4 Nf7 17. Re1 b5 18. Ne6 Qa5 19. Nxg7 Kxg7 20. Bd4+ Kg8 21.
Bc3 b4 22. Bb2 e5 23. dxe6 Rxe6 24. Bd5 Rxe1+ 25. Qxe1 Re8 26. Qd2 h5 27. Re1 Rxe1+ 28. Qxe1 Qxa2 29. Qe7 Qb1+ 30. Kg2 Qxb2+ 31. Kh1 Qc1+ 32.
Kg2 Qd2+ 33. Kh1 Qc1+ 34. Kg2 Qc2+ 35. Kh1 Qb1+ 36. Kg2 Qb2+ 37. Kh1 Qg7 38. Qxd7 Kf8 39.
Bxf7 Qxf7 40. Qxd6+ Kg8 41. Qxb4 Qe8 42. Qd2 h4 43. gxh4 Kg7 44. h5 Qe4+ 45. Kg1 gxh5 46. Qg2+ Kf6 47. Qxe4 fxe4 48. Kf2 Kf5 49. Ke3 h4 50. b4 a5 51. bxa5 Ke6 52. Kxe4 Kd6 53.
f5 Kc5 54. f6 Kxc4 55. f7 Kb5 56. f8=Q Kxa5 57. Qb8 Ka6 58. Kd5 Ka5 59. Kc5 Ka6 60. Qb6# 1-0

[Event "*** SCC Grand Prix: Titled Tuesday Blitz"]
[Site "Chess.com"]
[Date "2020.06.09"]
[Round "6"]
[White "KobyKalavannan"]
[Black "Iball95"]
[Result "1/2-1/2"]
[WhiteElo "2522"]
[BlackElo "2678"]
[TimeControl "180+1"]
[EndTime "10:07:36 PDT"]
[Termination "Game drawn - insufficient material"]

1. d4 Nf6 2. c4 d6 3. Nf3 g6 4.
Nc3 Bf5 5. g3 Bg7 6. Bg2 O-O 7.
O-O Ne4 8. Nh4 Nxc3 9. bxc3 Bc8 10.
Rb1 c5 11. Bxb7 Bxb7 12. Rxb7 Qc8 13. Rxe7 cxd4 14. cxd4 Qxc4 15. Bf4 Nc6 16. Rc7 Rfc8 17. Rxc8+ Rxc8 18. Nf3 Nxd4 19. Nxd4 Bxd4 20. Qd2 d5 21. Rc1 Qxc1+ 22. Qxc1 Rxc1+ 23. Bxc1 f5 24. e3 Bc5 25. Kf1 Kf7 26. Bb2 Ke6 27. Ke2 a6 28. Kd3 Bb4 29. f3 Kd6 30. Bg7 Kc6 31. h3 Bd6 32. g4 Kb5 33. gxf5 gxf5 34. e4 dxe4+ 35. fxe4 fxe4+ 36. Kxe4 Kc4 37. Kf5 Bb4 38. Bb2 a5 39. Kg5 Bd2+ 40. Kf6 Bc3+ 41. Bxc3 Kxc3 42. h4 a4 43. h5 a3 44. h6 Kb2 45. Kg7 Kxa2 46. Kxh7 Kb3 47. Kg8 a2 48. h7 a1=Q 49. h8=Q Qxh8+ 50. Kxh8 1/2-1/2

[Event "*** SCC Grand Prix: Titled Tuesday Blitz"]
[Site "Chess.com"]
[Date "2020.06.09"]
[Round "6"]
[White "Belka1989"]
[Black "moro182"]
[Result "0-1"]
[WhiteElo "2455"]
[BlackElo "2644"]
[TimeControl "180+1"]
[EndTime "10:07:36 PDT"]
[Termination "moro182 won by resignation"]

1. e4 e5 2. d4 Nc6 3. Nf3 exd4 4. Bc4 Bc5 5. c3 Nf6 6. cxd4 Bb4+ 7. Bd2 Nxe4 8. Bxb4 Nxb4 9. Bxf7+ Kxf7 10. Qb3+ Kf8 11. Qxb4+ Qe7 12. Qxe7+ Kxe7 13. Nc3 Nf6 14. O-O d6 15.
Rfe1+ Kd8 16. Ng5 Rf8 17. Nce4 h6 18. Nxf6 Rxf6 19. Ne4 Rf7 20. Rac1 b6 21. Nc3 Bb7 22. Re6 Kd7 23. Rce1 a6 24. g3 b5 25. R6e3 Bf3 26. Ne2 g5 27. Nc3 Raf8 28. Rf1 h5 29. Ne4 Rf5 30. Nd2 Bd5 31. a3 h4 32. Ree1 g4 33.
Re3 h3 34. Ree1 Bg2 35. Nb3 Bxf1 36. Rxf1 R8f7 37. Nc1 Kc6 38. Nd3 Kd5 39. Rd1 Kc4 40. Nf4 Rxf4 41. gxf4 Rxf4 42. Rc1+ Kb3 43. Rxc7 Rxd4 44. f3 gxf3 45. Kf2 Kxb2 46. Kxf3 a5 47.
Rb7 Rd5 48. Ke4 Re5+ 49. Kd4 Kxa3 50. Rb6 b4 51. Rxd6 Re2 52. Ra6 a4 53. Kc4 Rxh2 54.
Rb6 b3 55. Ra6 Rg2 56. Rh6 h2 57. Kb5 b2 58. Kc4 b1=Q 59. Rh3+ Qb3+ 60. Rxb3+ axb3 61. Kc5 h1=Q 62. Kc6 0-1

[Event "*** SCC Grand Prix: Titled Tuesday Blitz"]
[Site "Chess.com"]
[Date "2020.06.09"]
[Round "6"]
[White "Efremov_Vlad"]
[Black "zajka-molotok"]
[Result "0-1"]
[WhiteElo "2168"]
[BlackElo "2385"]
[TimeControl "180+1"]
[EndTime "10:07:36 PDT"]
[Termination "zajka-molotok won on time"]

1. d4 d5 2. c4 c6 3. Nf3 Nf6 4. Qb3 e6 5. Bg5 h6 6. Bxf6 Qxf6 7. Nc3 Bd6 8. e3 O-O 9. Bd3 Nd7 10. O-O Qe7 11. e4 dxc4 12. Bxc4 e5 13. d5 Nb6 14. dxc6 bxc6 15. Be2 Be6 16. Qc2 Rac8 17. Na4 Nxa4 18.
Qxa4 Bg4 19. h3 Bh5 20. Rac1 Bc5 21. Qc4 Bb6 22. Nd2 Bg6 23. Nb3 Kh8 24. a4 f5 25.
a5 Bd8 26. exf5 Bxf5 27. Bg4 Qg5 28. Bxf5 Qxf5 29. Qa6 Bh4 30. Qe2 e4 31. Nc5 Rce8 32. Rc4 e3 33. Rxh4 exf2+ 34. Qxf2 Qxf2+ 35. Rxf2 Re1+ 36. Kh2 Rxf2 37. Rd4 Rf5 38. Nb7 Re7 39. Rd8+ Kh7 40. a6 Rb5 41. Ra8 Rxb2 42. Rxa7 Ra2 43. Ra8 Rd7 44. Nc5 Re7 45. Nb7 h5 46. Nc5 h4 47.
Rb8 Ree2 48. Rb7 Rxg2+ 49. Kh1 Rgc2 0-1

[Event "*** SCC Grand Prix: Titled Tuesday Blitz"]
[Site "Chess.com"]
[Date "2020.06.09"]
[Round "6"]
[White "PawnEatingZombie"]
[Black "Nara_Kh"]
[Result "1-0"]
[WhiteElo "2118"]
[BlackElo "2265"]
[TimeControl "180+1"]
[EndTime "10:07:36 PDT"]
[Termination "PawnEatingZombie won by checkmate"]

1. d4 g6 2. e4 Bg7 3. Nf3 d6 4.
c3 Nf6 5. Bd3 O-O 6. O-O c6 7.
Re1 b5 8. a4 bxa4 9. Nbd2 Nbd7 10. Qxa4 Bb7 11. h3 e5 12. Qc2 a5 13. dxe5 Nxe5 14. Nxe5 dxe5 15. Nc4 Qc7 16. Bf1 Rfd8 17.
b3 Bf8 18. Be3 c5 19. f3 Nh5 20. Bf2 Nf4 21. Ne3 h5 22. g3 Ne6 23. h4 c4 24.
Bxc4 Bc5 25. Nd5 Bxd5 26. Bxd5 Ra6 27. Red1 Rb8 28. Rac1 Kg7 29. Qe2 Rab6 30. Kg2 Qe7 31. Qc4 Bxf2 32. Kxf2 Rxb3 33. Qxb3 Rxb3 34. Bxb3 Qc5+ 35.
Kg2 Kf6 36. Bxe6 Kxe6 37. Rd5 Qb6 38. Kh3 a4 39. c4 a3 40. c5 Qb2 41. Rdd1 Qf2 42.
Rc3 a2 43. c6 Qe2 44. Rdc1 Qa6 45. c7 Qc8 46. R3c2 Ke7+ 47. Kg2 Kd6 48. Rxa2 Ke7 49.
Rd2 f5 50. Rd8 Qa6 51. c8=Q Qe2+ 52. Kh3 Qxf3 53. Qd7+ Kf6 54. Rf8# 1-0

[Event "*** SCC Grand Prix: Titled Tuesday Blitz"]
[Site "Chess.com"]
[Date "2020.06.09"]
[Round "6"]
[White "VladimirBugayev"]
[Black "GelmanAlexander"]
[Result "1-0"]
[WhiteElo "2273"]
[BlackElo "2521"]
[TimeControl "180+1"]
[EndTime "10:07:38 PDT"]
[Termination "VladimirBugayev won by resignation"]

1. e4 c5 2. a3 b6 3. Nc3 Bb7 4. Bc4 e6 5. d3 Nf6 6. Bg5 h6 7. Bh4 g5 8. Bg3 d5 9. exd5 exd5 10. Qe2+ Be7 11. Bb5+ Nbd7 12. O-O-O a6 13. Bxd7+ Qxd7 14. Re1 Kf8 15. h4 g4 16. Qd2 d4 17. Ne4 Nxe4 18.
dxe4 Rd8 19. Ne2 c4 20. Be5 c3 21. Qxd4 cxb2+ 22. Qxb2 Rg8 23. Rd1 Qa4 24. Rxd8+ Bxd8 25. Bd6+ Ke8 26. Qe5+ Kd7 27. Nc3 Qa5 28. Rd1 Qxe5 29. Bxe5+ Ke6 30. Bf4 Be7 31. Kb2 Rc8 32. Nd5 Bf8 33.
g3 f5 34. Nxb6 Rc6 35. Nd5 fxe4 36. Nc7+ Kf7 37. Rd7+ Kg6 38. Nd5 Bg7+ 39. Kc1 Bc8 40. Ne7+ Kf7 41. Nxc6+ Bxd7 42. Ne5+ Ke6 43. Nxd7 Kxd7 44.
Kd2 Kc6 45. Ke3 Kd5 46. c4+ Kxc4 47. Kxe4 Kb3 48. Bd6 Bb2 49. Kf5 Bxa3 50. Bxa3 Kxa3 51. Kxg4 a5 52. f4 a4 53. f5 Kb4 54. f6 a3 55. f7 a2 56. f8=Q+ 1-0

[Event "*** SCC Grand Prix: Titled Tuesday Blitz"]
[Site "Chess.com"]
[Date "2020.06.09"]
[Round "6"]
[White "tigra"]
[Black "Msb2"]
[Result "1-0"]
[WhiteElo "2734"]
[BlackElo "2835"]
[TimeControl "180+1"]
[EndTime "10:07:39 PDT"]
[Termination "tigra won on time"]

1. e4 e6 2. Nc3 d5 3. d4 Nf6 4. e5 Nfd7 5. f4 c5 6. Nf3 Nc6 7. Ne2 Be7 8. c3 O-O 9. h4 b5 10. g3 b4 11. Kf2 bxc3 12. bxc3 f6 13. Kg2 Kh8 14. h5 Ba6 15. Qa4 Qb6 16. Ba3 fxe5 17.
dxe5 Bd3 18. Neg1 Be4 19. Re1 Bf5 20. Nh4 Bxh4 21. Rxh4 Rab8 22. g4 Be4+ 23. Rxe4 dxe4 24. Qxe4 Ne7 25. Bc4 Qb7 26. Qxb7 Rxb7 27. Bxe6 Rxf4 28.
Nf3 h6 29. Rh1 Ra4 30. Bc1 Nf8 31. Bb3 Rxg4+ 32. Kh3 Re4 33. Rd1 Rd7 34. Rf1 c4 35. Bc2 Re2 36. Nd4 Rxc2 37. Rxf8+ Kh7 38. Nxc2 Nc6 39. Rc8 Nxe5 40. Nd4 Rf7 41. Ne6 Nd7 42. Rd8 Re7 43. Rxd7 Rxe6 44. Rxa7 Re5 45. Kg4 Re2 46. Bf4 Rg2+ 47. Kf3 Rg1 48. Be5 1-0

[Event "*** SCC Grand Prix: Titled Tuesday Blitz"]
[Site "Chess.com"]
[Date "2020.06.09"]
[Round "6"]
[White "MartinMatthiesen"]
[Black "Fusikk"]
[Result "0-1"]
[WhiteElo "2375"]
[BlackElo "2581"]
[TimeControl "180+1"]
[EndTime "10:07:40 PDT"]
[Termination "Fusikk won on time"]

1. d4 Nf6 2. c4 e6 3. Nf3 d5 4. Nc3 c6 5. Bg5 dxc4 6. e4 b5 7. e5 h6 8. Bh4 g5 9. Nxg5 hxg5 10. Bxg5 Be7 11. exf6 Bxf6 12. Bxf6 Qxf6 13. g3 Bb7 14.
Bg2 Na6 15. Nxb5 O-O-O 16. Nxa7+ Kc7 17. Qa4 Qxd4 18. Nxc6 Qd2+ 19. Kf1 Rd5 20. Qxc4 Rc5 21. Qd4 Rc1+ 22. Rxc1 Qxc1+ 23. Ke2 Qc2+ 24. Ke3 Bxc6 25.
Qxh8 Bxg2 26. Qe5+ Kb7 27. Re1 Nc5 28. Qc3 Qe4+ 29.
Kd2 Qd5+ 30. Ke3 Qf3+ 31. Kd4 Qd5+ 32. Ke3 Be4 33. Qb4+ Kc7 34. Qd4 Qg5+ 35. f4 Qh5 36. Rc1 Qf3+ 37. Kd2 Qg2+ 38. Kc3 Nd7 39. Kb4+ Kd8 40.
Rd1 Bd5 41. Ka3 Qc2 42. Rd3 Qc5+ 43. Qxc5 Nxc5 44. Rd2 Kd7 45. b4 Ne4 46. Re2 Kc6 47.
Kb2 Kb5 48. a3 Kc4 49. g4 Kd3 50. Re1 Nc3 0-1

[Event "*** SCC Grand Prix: Titled Tuesday Blitz"]
[Site "Chess.com"]
[Date "2020.06.09"]
[Round "6"]
[White "gm_rashid"]
[Black "Chessmatus"]
[Result "0-1"]
[WhiteElo "2352"]
[BlackElo "2478"]
[TimeControl "180+1"]
[EndTime "10:07:41 PDT"]
[Termination "Chessmatus won on time"]

1. e4 e5 2. Nf3 Nc6 3. Bc4 Bc5 4. Nc3 Nf6 5. d3 h6 6. Be3 Bxe3 7. fxe3 d6 8. O-O O-O 9. Qd2 Be6 10. Bb3 Bxb3 11. axb3 d5 12. exd5 Nxd5 13. Nxd5 Qxd5 14. Qc3 Rfe8 15.
e4 Qd6 16. Rf2 Rad8 17. Raf1 Qb4 18. Nh4 Qxc3 19. bxc3 Rd7 20. g4 Re6 21. Rg2 a5 22. g5 hxg5 23. Rxg5 Kf8 24. Nf5 g6 25. Ne3 b5 26. h4 Ne7 27. Ra1 Ra6 28. Rxe5 c6 29. c4 Rb7 30. Rc5 a4 31. Kf2 axb3 32. Rb1 bxc2 33.
Nxc2 Ra2 34. cxb5 Rxb5 35. Rbxb5 cxb5 36. Ke3 Rb2 37. d4 b4 38. d5 Ke8 39. Nd4 Rh2 40.
d6 Ng8 41. Rc7 Nf6 42. Nc6 b3 43. Re7+ Kf8 44. Rb7 b2 45. e5 Rh3+ 46. Kd4 Rxh4+ 47. Kc3 Nd5+ 48. Kxb2 Rh2+ 0-1

[Event "*** SCC Grand Prix: Titled Tuesday Blitz"]
[Site "Chess.com"]
[Date "2020.06.09"]
[Round "6"]
[White "ChristianAlm"]
[Black "Quattroporte300"]
[Result "1-0"]
[WhiteElo "2451"]
[BlackElo "2230"]
[TimeControl "180+1"]
[EndTime "10:07:42 PDT"]
[Termination "ChristianAlm won on time"]

1. e4 e5 2. Nf3 Nc6 3. Nc3 Nf6 4. Nxe5 Nxe5 5. d4 Ng6 6. e5 d6 7. exf6 Qxf6 8. Bc4 Be7 9. O-O c6 10. d5 O-O 11. Be3 Bf5 12. Re1 c5 13. g3 a6 14.
a4 Ne5 15. Be2 Rfe8 16. h4 h6 17. a5 Qg6 18. Bf4 Bxc2 19. Qd2 Bf5 20. Bxe5 dxe5 21. h5 Qd6 22. Bc4 Bg5 23. Qe2 e4 24. Rad1 Rad8 25.
g4 Bh7 26. Bd3 e3 27. Bxh7+ Kxh7 28. Qf3 exf2+ 29. Qxf2 Qf6 30. Qc2+ Kg8 31. Rf1 Be3+ 32. Kg2 Qg5 33. Qf5 f6 34. d6 Bd4 35. Qf3 Re3 36. Qd5+ Qxd5+ 37. Nxd5 Re2+ 38. Kf3 Rxb2 39. Ne7+ Kf7 40. Nf5 Rb3+ 41. Ke4 Re8+ 42. Kd5 Re5+ 43.
Kc4 Rb4+ 44. Kd3 Rb3+ 45. Kc2 Rc3+ 46. Kd2 Ra3 47. Rde1 Rd5 48. Kc2 Ra2+ 49. Kb3 Rb2+ 50. Kc4 Re5 51. Rxe5 Bxe5 52. Rd1 Rc2+ 53. Kd5 Ke8 54.
Ke6 1-0

[Event "*** SCC Grand Prix: Titled Tuesday Blitz"]
[Site "Chess.com"]
[Date "2020.06.09"]
[Round "6"]
[White "Irishchessman16"]
[Black "Khazieva_Elza"]
[Result "1-0"]
[WhiteElo "2463"]
[BlackElo "2236"]
[TimeControl "180+1"]
[EndTime "10:07:43 PDT"]
[Termination "Irishchessman16 won by checkmate"]

1. e4 c5 2. Nf3 d6 3. d4 cxd4 4. Nxd4 Nf6 5. Nc3 Nc6 6. h3 e5 7. Nde2 Be6 8. f4 Nh5 9. Qd3 exf4 10. Bxf4 Nxf4 11. Nxf4 Ne5 12. Qb5+ Bd7 13. Qxb7 Qh4+ 14. Kd1 Rd8 15. Ncd5 Be7 16. Bb5 g5 17. Nd3 Nxd3 18.
cxd3 g4 19. Bxd7+ Rxd7 20. Nc7+ Kf8 21. Ne6+ fxe6 22. Qxd7 Kg7 23. Qxe6 Rf8 24. Qxg4+ Qxg4+ 25. hxg4 Rf2 26. Rc1 Bg5 27. Rc2 Rf7 28. d4 Rf4 29. Rc7+ Kg6 30. Rhxh7 Rxe4 31. Rcg7+ Kf6 32. Rf7+ Kg6 33.
Rhg7+ Kh6 34. Rh7+ Kg6 35. Rd7 Rxd4+ 36. Ke1 Re4+ 37. Kf1 Rf4+ 38. Kg1 Rd4 39. Rhg7+ Kh6 40. Rgf7 Rd1+ 41. Kf2 Rd2+ 42. Kf3 Rd3+ 43. Ke4 Re3+ 44.
Kd5 Re5+ 45. Kxd6 Re4 46. Rh7+ Kg6 47. Rdg7+ Kf6 48. Rf7+ Kg6 49. Rhg7+ Kh6 50. Rg8 Rd4+ 51. Ke6 Re4+ 52. Kd5 Re2 53. Rf5 Rd2+ 54. Kc4 Rc2+ 55. Kb3 Rxg2 56. Rfxg5 Rg3+ 57. Ka4 Rg2 58. Rh5# 1-0

[Event "*** SCC Grand Prix: Titled Tuesday Blitz"]
[Site "Chess.com"]
[Date "2020.06.09"]
[Round "6"]
[White "BocharovD"]
[Black "Hikaru"]
[Result "1/2-1/2"]
[WhiteElo "2761"]
[BlackElo "3222"]
[TimeControl "180+1"]
[EndTime "10:07:44 PDT"]
[Termination "Game drawn by repetition"]

1. Nf3 g6 2. d4 Bg7 3. g3 d6 4. Bg2 Bd7 5. c4 Nc6 6. Nc3 Qc8 7. h3 Nf6 8. e4 O-O 9. Be3 e5 10. d5 Ne7 11. c5 Ne8 12. Rc1 f5 13. cxd6 Nxd6 14. Bc5 Qe8 15. O-O f4 16. gxf4 Rxf4 17.
Be3 Rf8 18. Ng5 Rd8 19. Qb3 h6 20. Ne6 Bxe6 21. dxe6 c6 22. Rfd1 b6 23. Qa4 Nec8 24. Rd3 Kh7 25. Rcd1 Rf6 26. e7 Nxe7 27. Qxa7 Nec8 28.
Qa6 b5 29. a4 b4 30. Na2 b3 31.
Nc3 g5 32. Bc5 Bf8 33. a5 Qf7 34. Qxc6 Nb7 35. Qxb7 Qxb7 36. Rxd8 Bg7 37. R1d7 Qc6 38. Be7 Rf7 39. Nd5 Nxe7 40. Nxe7 Qc1+ 41. Bf1 Qf4 42. Nf5 Rxf5 43. exf5 g4 44. Rc8 g3 45. fxg3 Qe3+ 46. Kh1 Qe1 47. Kg2 Qe4+ 48. Kg1 Qe3+ 49. Kg2 Qe4+ 50. Kg1 Qe3+ 1/2-1/2

[Event "*** SCC Grand Prix: Titled Tuesday Blitz"]
[Site "Chess.com"]
[Date "2020.06.09"]
[Round "6"]
[White "publicaccountcze"]
[Black "Sanyura"]
[Result "0-1"]
[WhiteElo "2240"]
[BlackElo "2482"]
[TimeControl "180+1"]
[EndTime "10:07:44 PDT"]
[Termination "Sanyura won on time"]

1. e4 c5 2. Nf3 e6 3. d4 cxd4 4. Nxd4 Nf6 5. Nc3 Nc6 6. Be3 Bb4 7. Bd3 d5 8. exd5 exd5 9. O-O O-O 10. Nce2 Ng4 11.
Bf4 Bc5 12. c3 Qf6 13. h3 Nge5 14. Bc2 Ng6 15. Bg3 Bd7 16. Nb3 Bb6 17. Ned4 Rae8 18. Qd3 Nce5 19. Bxe5 Rxe5 20. Nf3 Bf5 21. Qd2 Bxc2 22.
Nxe5 Nxe5 23. Qxc2 Qf4 24. Qe2 Re8 25. Rae1 h6 26. Qd2 Qg3 27. Nd4 Bxd4 28. Rxe5 Bxf2+ 29. Qxf2 Qxf2+ 30. Rxf2 Rxe5 31. Rd2 f5 32. Kf2 Kf7 33. Kf3 Kf6 34. g4 fxg4+ 35. hxg4 g6 36. Rd4 h5 37.
Rb4 b6 38. Ra4 a5 39. b4 hxg4+ 40. Kxg4 Re4+ 41. Kf3 Kf5 42. Ra3 axb4 43. cxb4 Rxb4 44. Rd3 Ke5 45. a3 Rf4+ 46. Kg3 Rd4 47. Rb3 g5 48. Rxb6 Rd3+ 49. Kg4 Rxa3 50. Kxg5 Ra1 51. Kg4 Rf1 52.
Kg3 d4 53. Kg2 Rf7 54. Rb3 Ke4 55. Ra3 d3 0-1

[Event "*** SCC Grand Prix: Titled Tuesday Blitz"]
[Site "Chess.com"]
[Date "2020.06.09"]
[Round "6"]
[White "Guenplen"]
[Black "novendrapriasmoro"]
[Result "1-0"]
[WhiteElo "2903"]
[BlackElo "2666"]
[TimeControl "180+1"]
[EndTime "10:07:49 PDT"]
[Termination "Guenplen won on time"]

1. d4 Nf6 2. Bf4 g6 3. Nc3 Bg7 4. e4 d6 5. Qd2 c6 6. f3 b5 7. Bh6 Bxh6 8. Qxh6 b4 9. Nd1 Qa5 10. Qd2 Ba6 11. Be2 Qb6 12. Ne3 O-O 13. Bxa6 Nxa6 14. Ne2 e5 15. h4 Rfe8 16. h5 exd4 17. Nxd4 Nxe4 18. fxe4 Rxe4 19. O-O-O Rae8 20. hxg6 fxg6 21. Nef5 Qc7 22. Qg5 Rf8 23. Rdf1 Kh8 24. Nh6 Qg7 25. Rxf8+ Qxf8 26. Nf3 Nc5 27. Ng4 Qf4+ 28. Qxf4 Rxf4 29. Ne3 Kg7 30. a3 bxa3 31. bxa3 h6 32. Nd1 d5 33. Nc3 Rc4 34. Kb2 Rg4 35. Rh2 d4 36. Ne2 Ne6 37.
Nc1 c5 38. Nd3 Re4 39. Nf2 Re3 40. Nd3 c4 41. Nde5 c3+ 42. Kb3 Re2 43. Nd3 a5 44. a4 g5 45. Rh1 Rxg2 46. Nfe5 Nf4 47. Nxf4 gxf4 48. Nd3 f3 49. Rf1 Rg3 50. Kc4 h5 51. Kxd4 h4 52. Ke3 h3 53. Rxf3 h2 54. Rxg3+ 1-0

[Event "*** SCC Grand Prix: Titled Tuesday Blitz"]
[Site "Chess.com"]
[Date "2020.06.09"]
[Round "6"]
[White "topotun"]
[Black "vugarrasulov"]
[Result "0-1"]
[WhiteElo "2606"]
[BlackElo "2798"]
[TimeControl "180+1"]
[EndTime "10:07:49 PDT"]
[Termination "vugarrasulov won on time"]

1. e4 c5 2. Nf3 d6 3. d4 cxd4 4. Nxd4 Nf6 5. f3 g6 6. Nc3 Bg7 7. Be3 O-O 8. Qd2 Nc6 9. O-O-O d5 10. exd5 Nxd5 11. Nxc6 bxc6 12. Nxd5 cxd5 13. Bh6 Bxh6 14. Qxh6 Qb6 15. h4 Rb8 16. b3 Qf6 17. h5 Bf5 18.
hxg6 Bxg6 19. Bd3 e6 20. Bxg6 Qxg6 21. Qd2 Rfc8 22. Kb1 Rc7 23. Rh6 Qg7 24. Rdh1 Rbc8 25. Rxh7 Qxh7 26. Rxh7 Kxh7 27. a4 Kg6 28. g3 Rc3 29.
Qf2 a5 30. Qd4 f5 31. Qe5 Kf7 32. g4 fxg4 33. Qh5+ Ke7 34. fxg4 Kd6 35. Qh2+ e5 36. Qh6+ Kc5 37. Qa6 Kd4 38. Qxa5 e4 39. Qb6+ Ke5 40. g5 e3 41. Qf6+ Ke4 42. Qe6+ Kf4 43. Qf6+ Kg3 44. g6 e2 45. Qg5+ Kf2 46. Qh4+ Rg3 47. Qd4+ Kg2 48. Qd2 Re8 49. Qxd5+ Kg1 50. Qd4+ Ree3 51.
g7 e1=Q+ 52. Kb2 Qf2 53. Qd1+ Kg2 54. Qd5+ Ref3 55. g8=Q Rxg8 56. Qxg8+ Rg3 57. Qh8 Qf5 0-1

[Event "*** SCC Grand Prix: Titled Tuesday Blitz"]
[Site "Chess.com"]
[Date "2020.06.09"]
[Round "6"]
[White "Chuchofrio1"]
[Black "Generalas"]
[Result "0-1"]
[WhiteElo "2197"]
[BlackElo "2367"]
[TimeControl "180+1"]
[EndTime "10:07:49 PDT"]
[Termination "Generalas won by checkmate"]

1. d4 Nf6 2. c4 c5 3. d5 b5 4. cxb5 a6 5. bxa6 g6 6. Nc3 Bxa6 7. g3 Bg7 8. Bg2 d6 9. Nf3 O-O 10. O-O Nbd7 11. Rb1 Nb6 12. b3 Bb7 13. Nh4 Ng4 14. Bb2 Bxc3 15. Bxc3 Rxa2 16. h3 Nf6 17. e4 e6 18. Qf3 Nbd7 19. dxe6 fxe6 20. Qe3 e5 21.
f4 Ba6 22. Rf2 Rxf2 23. Qxf2 exf4 24. Qxf4 Nd5 25. Qd2 Nxc3 26. Qxc3 Ne5 27. Nf3 Qe7 28. Rd1 Bb7 29. Re1 Nxf3+ 30. Bxf3 Qf6 31. Qc4+ Kg7 32. Rf1 Qe5 33. Kg2 g5 34. Qe2 h6 35. h4 g4 36.
Bxg4 Bxe4+ 37. Kh3 Rxf1 38. Qxf1 h5 39. Bf3 Qf5+ 40. Kg2 Qxf3+ 41. Qxf3 Bxf3+ 42. Kxf3 d5 43. Ke3 Kf6 44. Kd3 Kf5 45. Ke3 Kg4 46. Kf2 d4 47. Ke2 Kxg3 48. Kd3 Kxh4 49. Kc4 Kg4 50. Kxc5 d3 51.
b4 d2 52. b5 d1=Q 53. b6 Qc2+ 54. Kb5 Qb3+ 55. Ka6 h4 56. Kb7 h3 57. Kc7 h2 58.
b7 h1=Q 59. b8=Q Qxb8+ 60. Kxb8 Qc1 61. Kb7 Kf5 62. Kb6 Ke5 63. Kb5 Kd5 64. Kb4 Qb2+ 65.
Ka5 Kc5 66. Ka6 Qb6# 0-1